 Dungeon Crawl Stone Soup version 0.27.1-1-g398f81649c (webtiles) character file.

Game seed: 1288671665210486917

262 chaosape the Fighter (level 6, -2/61 HPs)
             Began as a Gnoll Wanderer on Sept 9, 2021.
             Slain by Blork the orc (3 damage)
             ... on level 4 of the Dungeon.
             The game lasted 00:14:38 (3608 turns).

chaosape the Fighter (Gnoll Wanderer)               Turns: 3608, Time: 00:14:38

Health: -2/61      AC:  6    Str: 13    XL:     6   Next: 18%
Magic:  8/8        EV:  9    Int: 12    God:
Gold:   110        SH:  0    Dex: 11    Spells: 8/8 levels left

rFire    + . .     SeeInvis .   o - +0 quarterstaff (venom)
rCold    . . .     Faith    .   (shield currently unavailable)
rNeg     . . .     Spirit   .   g - +0 scale mail
rPois    .         Reflect  .   (no helmet)
rElec    .         Harm     .   (no cloak)
rCorr    .         Rampage  .   (no gloves)
Will     .....                  (no boots)
Stlth    +.........             l - amulet "Aruhosia" {Acrobat rF+}
HPRegen  0.20/turn              (no ring)
MPRegen  0.11/turn              (no ring)

@: no status effects
A: fangs 1, strong nose, distributed training
a: no special abilities


You were on level 4 of the Dungeon.
You visited 1 branch of the dungeon, and saw 6 of its levels.

You collected 110 gold pieces.

Inventory:

Hand Weapons
 a - a +2 dagger
 c - a +0 falchion
 d - a +0 quarterstaff
 h - a +0 spear
 o - a +0 quarterstaff of venom (weapon)
Missiles
 f - 108 stones (quivered)
 j - 2 boomerangs
 s - 14 arrows
Armour
 b - the +5 chain mail of Intercession {Int+3}
   (You found it on level 5 of the Dungeon)

   Int:       It affects your intelligence (+3).
 e - a +0 robe
 g - a +0 scale mail (worn)
Jewellery
 k - a ring of wizardry
 l - the amulet "Aruhosia" (around neck) {Acrobat rF+}
   (You acquired it on level 5 of the Dungeon)

   [amulet of the acrobat]

   It increases your evasion while moving and waiting.
   rF:        It protects you from fire.
Scrolls
 r - a scroll of enchant armour
Potions
 i - a potion of cancellation {unknown}
 n - a potion of degeneration {unknown}


   Skills:
 + Level 10.5 Fighting
 + Level 1.8 Short Blades
 + Level 1.8 Long Blades
 + Level 1.8 Axes
 + Level 1.8 Maces & Flails
 + Level 1.8 Polearms
 + Level 3.2 Staves
 + Level 1.8 Slings
 + Level 1.8 Bows
 + Level 1.8 Crossbows
 + Level 4.9 Throwing
 + Level 3.2 Armour
 + Level 1.8 Dodging
 + Level 3.0 Stealth
 + Level 1.8 Shields
 + Level 1.8 Unarmed Combat
 + Level 1.8 Spellcasting
 + Level 1.4 Conjurations
 + Level 1.4 Hexes
 + Level 1.4 Summonings
 + Level 1.4 Necromancy
 + Level 1.4 Translocations
 + Level 1.4 Transmutations
 + Level 1.4 Fire Magic
 + Level 1.4 Ice Magic
 + Level 1.4 Air Magic
 + Level 1.4 Earth Magic
 + Level 1.4 Poison Magic
 + Level 2.0 Invocations
 + Level 1.8 Evocations


You had 8 spell levels left.
You didn't know any spells.
Your spell library contained the following spells:

 Spells                   Type           Power      Damage    Failure   Level
 Inner Flame              Hex/Fire       4%         N/A       90%         3
 Cause Fear               Hex            2%         N/A       100%        4
 Discord                  Hex            2%         N/A       100%        8


Dungeon Overview and Level Annotations

Branches:
Dungeon (6/15)             Temple (0/1) D:4

Altars:
Gozag

Shops:
D:1 =   D:5 *?

Annotations:
D:4 Blork the orc


Innate Abilities, Weirdness & Mutations

You have very sharp teeth.
Your uncanny sense of smell can sniff out nearby items.
Your experience applies equally to all skills.


Message History

You closely miss the gnoll shaman.
The gnoll shaman is lightly wounded.
The gnoll shaman hits you with a +0 club!
Okay, then.
As you read the scroll labelled XAHEDGH DYEDI, it crumbles to dust.
You feel strangely unstable.
It was a scroll of teleportation.
The gnoll shaman hits you with a +0 club.
Your surroundings suddenly seem different.
An endoplasm and Blork the orc come into view.
Found a staircase to the Ecumenical Temple.
Blork the orc shouts!
The endoplasm quivers.
Blork the orc gestures wildly while chanting.
Blork the orc seems to speed up.
You sock the endoplasm!
You kill the endoplasm!
Throw: 108 stones
Press: ? - help, Q - select action, (/) - cycle Shift-Dir - straight line, f - Blork the orc
Aim: Blork the orc, wielding a +4 morningstar and wearing a +0 robe (fast, 68% to hit)
Okay, then.
Okay, then.
Okay, then.
You are too injured to fight recklessly!
As you read the scroll labelled REEBOD ISYIC, it crumbles to dust.
It is a scroll of brand weapon.
Your +0 vorpal quarterstaff drips with poison.
o - a +0 quarterstaff of venom (weapon)
Blork the orc hits you with a +4 morningstar!
You sock Blork the orc!
Blork the orc is moderately wounded.
Blork the orc hits you with a +4 morningstar!
* * * LOW HITPOINT WARNING * * *
Blork the orc hits you with a +4 morningstar.
* * * LOW HITPOINT WARNING * * *
Unknown command.
As you read the scroll labelled FYSATE DUELYULEI, it crumbles to dust.
It is a scroll of identify.
r - a scroll of enchant armour Blork the orc hits you with a +4 morningstar.
You die...

#≈≈≈≈≈≈≈≈≈≈≈#
#≈≈≈#####≈≈≈#
#≈≈≈#...#≈≈≈##
#≈≈≈#.>.#≈≈≈#.#
#≈≈≈#...#≈≈≈#..#
#≈≈≈##.##≈≈≈##..##
#≈≈≈≈#.#≈≈≈≈# #..##
#≈≈≈≈#o#≈≈≈≈# #..## #
#≈≈≈≈#@#≈≈≈≈# #...###.
######.#########.......
#.# #..........# #..
...#####.....# ###
#.gg.## ##gg## #g## #.#
##g#


You could see Blork the orc (fast).

Vanquished Creatures
  A bullfrog (D:6)
  A scorpion (D:6)
  A bullfrog zombie (D:6)
  3 gnolls (D:6)
  A white imp (D:6)
  A dart slug (D:1)
  An orc (D:4)
  5 ball pythons
  10 bats
  6 endoplasms
  2 giant cockroaches
  2 goblins (D:1)
  4 hobgoblins
  4 jackals (D:1)
  8 kobolds
  A quokka (D:2)
  2 frilled lizards
  25 rats
78 creatures vanquished.

Vanquished Creatures (others)
  5 plants (D:1)
  4 toadstools (D:1)
9 creatures vanquished.

Grand Total: 87 creatures vanquished

Notes
Turn   | Place    | Note
-------+----------+-------------------------------------------
     0 | D:1      | Reached skill level 10 in Fighting
     0 | D:1      | chaosape the Gnoll Wanderer began the quest for the Orb.
     0 | D:1      | chaosape set off with the following items: a +2 dagger, a
                  | scroll of blinking, a +0 falchion, a +0 quarterstaff, a +0
                  | robe
     0 | D:1      | Reached XP level 1. HP: 28/28 MP: 1/1
   252 | D:1      | Found Wuzxoyl's Jewellery Shoppe.
   261 | D:1      | Reached XP level 2. HP: 35/36 MP: 2/2
   700 | D:1      | Reached XP level 3. HP: 18/42 MP: 3/3
  1151 | D:1      | Found a faded altar of an unknown god.
  1317 | D:1      | Reached skill level 1 in Invocations
  1804 | D:2      | Reached skill level 1 in Short Blades
  1804 | D:2      | Reached skill level 1 in Long Blades
  1804 | D:2      | Reached skill level 1 in Axes
  1804 | D:2      | Reached skill level 1 in Maces & Flails
  1804 | D:2      | Reached skill level 1 in Polearms
  1804 | D:2      | Reached skill level 1 in Slings
  1804 | D:2      | Reached skill level 1 in Bows
  1804 | D:2      | Reached skill level 1 in Crossbows
  1804 | D:2      | Reached skill level 1 in Dodging
  1804 | D:2      | Reached skill level 1 in Shields
  1804 | D:2      | Reached skill level 1 in Unarmed Combat
  1804 | D:2      | Reached skill level 1 in Spellcasting
  1804 | D:2      | Reached skill level 1 in Evocations
  2395 | D:2      | Reached XP level 4. HP: 48/48 MP: 5/5
  2585 | D:3      | Found an opulent altar of Gozag.
  2588 | D:3      | You fall into a shaft and drop 3 floors!
  2644 | D:6      | Reached skill level 1 in Conjurations
  2644 | D:6      | Reached skill level 1 in Hexes
  2644 | D:6      | Reached skill level 1 in Summonings
  2644 | D:6      | Reached skill level 1 in Necromancy
  2644 | D:6      | Reached skill level 1 in Translocations
  2644 | D:6      | Reached skill level 1 in Transmutations
  2644 | D:6      | Reached skill level 1 in Fire Magic
  2644 | D:6      | Reached skill level 1 in Ice Magic
  2644 | D:6      | Reached skill level 1 in Air Magic
  2644 | D:6      | Reached skill level 1 in Earth Magic
  2644 | D:6      | Reached skill level 1 in Poison Magic
  2645 | D:6      | Noticed a bullfrog
  2653 | D:6      | Killed a bullfrog
  2654 | D:6      | Reached XP level 5. HP: 19/54 MP: 5/7
  2890 | D:6      | Reached XP level 6. HP: 29/61 MP: 8/8
  3321 | D:5      | Entered Level 5 of the Dungeon
  3321 | D:5      | Noticed an ice beast
  3331 | D:5      | Found Ifinias's Assorted Antiques.
  3345 | D:5      | Identified the +5 chain mail of Intercession {Int+3}
  3347 | D:5      | Identified a scroll of acquirement
  3347 | D:5      | Acquired the amulet "Aruhosia" {Acrobat rF+}
  3363 | D:5      | Found Utexapp's Magic Scroll Shop.
  3602 | D:4      | Found a staircase to the Ecumenical Temple.
  3602 | D:4      | Noticed Blork the orc
  3606 | D:4      | HP: 1/61 [Blork the orc (4)]
  3608 | D:4      | Slain by Blork the orc

Illustrated notes

Levels and vault maps discovered:
D:1:      ldierk_walled_garden_2, layout_loops_ring,
          hellmonk_ecumenical_altar_crossroads, serial_shops, shop,
          serial_forest, infiniplex_forest_lined_corner,
          infiniplex_forest_clump_long, infiniplex_forest_lined_4_way,
          infiniplex_forest_lined_3_way, serial_bayou_lagoon_a,
          minmay_heptomino_o4
D:2:      layout_loops_ring, st_stairs_1, minivault_14, minmay_rat_hole
D:3:      layout_loops_ring, lemuel_doored_altar,
          nicolae_gozag_cash_rules_everything_around_me, uniq_robin
D:4:      layout_layer_cave, minmay_temple_entry_poolview, uniq_blork_the_orc,
          uniq_grinder, uniq_sigmund
D:5:      layout_rooms, serial_shops, nicolae_inconvenience_store, shop,
          kennysheep_mini_moat, shop, minmay_between
D:6:      layout_basic

Skill      XL: |  1  2  3  4  5  6 |
---------------+-------------------+-----
Fighting       | | 10.5
Invocations    | 1 2 |  2.0
Short Blades   | 1 |  1.8
Long Blades    | 1 |  1.8
Axes           | 1 |  1.8
Maces & Flails | 1 |  1.8
Polearms       | 1 |  1.8
Slings         | 1 |  1.8
Bows           | 1 |  1.8
Crossbows      | 1 |  1.8
Dodging        | 1 |  1.8
Shields        | 1 |  1.8
Unarmed Combat | 1 |  1.8
Spellcasting   | 1 |  1.8
Evocations     | 1 |  1.8
Conjurations   | 1 |  1.4
Hexes          | 1 |  1.4
Summonings     | 1 |  1.4
Necromancy     | 1 |  1.4
Translocations | 1 |  1.4
Transmutations | 1 |  1.4
Fire Magic     | 1 |  1.4
Ice Magic      | 1 |  1.4
Air Magic      | 1 |  1.4
Earth Magic    | 1 |  1.4
Poison Magic   | 1 |  1.4
Staves         | 3 |  3.2
Armour         | 3 |  3.2
Stealth        | 3 |  3.0
Throwing       | |  4.9

Action                   |  1- 3 |  4- 6 || total
-------------------------+-------+-------++-------
Melee: Dagger            |   174 |       ||   174
       Bite              |     9 |    10 ||    19
       Quarterstaff      |     6 |    77 ||    83
       Punch             |     1 |       ||     1
Throw: Stone             |       |     1 ||     1
  Use: Scroll            |       |     5 ||     5
Armor: Robe              |     5 |       ||     5
       Scale mail        |    91 |    48 ||   139
Dodge: Dodged            |   104 |    40 ||   144
